 Dungeon Crawl Stone Soup version 0.30-a0-852-g08b95dd62f (webtiles) character file.

Game seed: 14296964996279802666

5397 Darius099 the Brawler (level 10, -4/88 (91) HPs)
             Began as a Troll Monk on Mar 4, 2023.
             Slain by a chaos spawn (6 damage)
             ... summoned by a kobold demonologist
             ... on level 9 of the Dungeon.
             The game lasted 00:21:47 (7832 turns).

Darius099 the Brawler (Troll Monk)                  Turns: 7832, Time: 00:21:48

HP:   -4/88 (91)    AC:  1    Str: 21    XL:     10   Next: 40%
MP:   9/9           EV: 16    Int:  6    God:
Gold: 599           SH:  0    Dex: 16    Spells: 9/9 levels left

rFire   . . .      SeeInvis .      - Unarmed
rCold   . . .      Faith    .    (no shield)
rNeg    . . .      Spirit   .    z - +1 robe of Distant Shores {Fly Will++}
rPois   .          Reflect  .    (helmet restricted)
rElec   .          Rampage  .    (no cloak)
rCorr   .                        (gloves unavailable)
Will    ++...                    (boots unavailable)
Stlth   ++                       (no amulet)
HPRegen 1.14/turn                e - +5 ring of evasion
MPRegen 0.11/turn                h - +4 ring of protection

@: corroded, flying, lightly drained
A: large, unfitting armour, claws 3, regeneration 1, shaggy fur 1, tough skin 1
a: no special abilities


You were on level 9 of the Dungeon.
You visited 2 branches of the dungeon, and saw 10 of its levels.
You visited the Abyss 1 time.
You also visited: Sewer.

You collected 599 gold pieces.

Inventory:

Armour
 z - the +1 robe of Distant Shores (worn) {Fly Will++}
   (You found it on level 6 of the Dungeon)

   Fly:       It grants you flight.
   Will:      It greatly increases your willpower.
Jewellery
 e - a +5 ring of evasion (left claw)
 h - a +4 ring of protection (right claw)
 s - a ring of willpower
Wands
 o - a wand of flame (34)
 r - a wand of iceblast (8)
 v - a wand of polymorph (12)
 C - a wand of light (11)
Scrolls
 c - a scroll of immolation {unknown}
 d - 2 scrolls of identify
 f - 2 scrolls of vulnerability {unknown}
 m - 2 scrolls of enchant armour {unknown}
 n - 3 scrolls of magic mapping {unknown}
 p - 3 scrolls of blinking
 u - a scroll of brand weapon {unknown}
 w - 6 scrolls of teleportation
 y - a scroll of enchant weapon {unknown}
 B - 2 scrolls of fog {unknown}
Potions
 a - 4 potions of degeneration
 b - 4 potions of ambrosia
 g - 3 potions of curing
 i - a potion of might
 j - 4 potions of attraction
 k - 2 potions of brilliance
 l - a potion of invisibility
 q - a potion of haste
 t - 3 potions of mutation
 x - 2 potions of lignification
 A - a potion of flight
 D - a potion of cancellation


   Skills:
 + Level 3.5 Fighting
 + Level 3.5 Dodging
 - Level 1.0 Stealth
 - Level 15.0 Unarmed Combat


You had 9 spell levels left.
You didn't know any spells.
Your spell library contained the following spells:

 Spells                   Type           Power      Damage    Failure   Level
 Apportation              Tloc           0%         N/A       45%         1
 Kiss of Death            Conj/Necr      0%         2d5       45%         1
 Magic Dart               Conj           0%         1d3       45%         1
 Necrotise                Necr           0%         1d4       45%         1
 Slow                     Hex            0%         N/A       45%         1
 Summon Small Mammal      Summ           0%         N/A       45%         1
 Call Imp                 Summ           0%         N/A       58%         2
 Confusing Touch          Hex            0%         N/A       83%         3
 Hailstorm                Conj/Ice       0%         3d3       83%         3
 Mephitic Cloud           Conj/Pois/Air  0%         N/A       83%         3
 Tukima's Dance           Hex            0%         N/A       83%         3
 Vampiric Draining        Necr           0%         2d6       83%         3
 Dispel Undead            Necr           0%         3d6       99%         4
 Ice Form                 Ice/Tmut       0%         N/A       99%         4
 Passage of Golubria      Tloc           0%         N/A       99%         4
 Freezing Cloud           Conj/Ice/Air   0%         6-21      100%        5
 Yara's Violent Unravell  Hex/Tmut       0%         3d3       100%        5
 Simulacrum               Ice/Necr       0%         N/A       100%        6
 Polar Vortex             Ice            0%         N/A       100%        9


Dungeon Overview and Level Annotations

Branches:
Dungeon (9/15)             Temple (1/1) D:4           Sewer (visited)
   Lair: D:8-11         Orc: D:9-12

Altars:
Ashenzari
Dithmenos
Elyvilon
Fedhas
Gozag
Hepliaklqana
Nemelex Xobeh
Trog
Uskayaw
Wu Jian
Yredelemnul
Zin
The Shining One

Annotations:
D:3 1 runed translucent door


Innate Abilities, Weirdness & Mutations

You are too large for most types of armour.
You have claws for hands.
Your natural rate of healing is unusually fast.
You are covered in fur. (AC +1)
You have tough skin. (AC +1)


Message History

Your claw misses the kobold demonologist.
The kobold demonologist is severely wounded.
The rust devil hits you. The rust devil corrodes you!
The kobold demonologist gestures wildly while chanting.
You closely miss the kobold demonologist.
The kobold demonologist is severely wounded.
The rust devil hits you. The rust devil corrodes you! The sixfirhy hits you!
The sixfirhy shocks you!
You claw the kobold demonologist!
You kill the kobold demonologist!
The rust devil disappears in a puff of smoke!
The sixfirhy disappears in a puff of smoke!
The kobold demonologist casts a spell.
The kobold demonologist gestures wildly while chanting.
The ufetubus misses you. The ufetubus hits you. The chaos spawn gores you!
The chaos spawn freezes you!
Things that are here:
a +0 dagger; a +0 robe You scratch the chaos spawn but do no damage.
The ufetubus closely misses you. The ufetubus barely misses you.
The kobold demonologist casts a spell.
The kobold demonologist hits you with a +0 dagger.
The kobold demonologist hits you with a +0 dagger of freezing.
The kobold demonologist freezes you.
You completely miss the kobold demonologist.
The ufetubus closely misses you. The ufetubus misses you.
The chaos spawn closely misses you.
You closely miss the kobold demonologist.
The ufetubus completely misses you. The ufetubus hits you.
* * * LOW HITPOINT WARNING * * *
The kobold demonologist hits you with a +0 dagger of freezing.
* * * LOW HITPOINT WARNING * * *
The kobold demonologist freezes you.
* * * LOW HITPOINT WARNING * * *
The kobold demonologist hits you with a +0 dagger.
* * * LOW HITPOINT WARNING * * *
The chaos spawn hits you!
* * * LOW HITPOINT WARNING * * *
You feel drained.
You die...

..................... .#
....##....#........# ..#
.#.######.#........##...
#### #...............
#...............
#######.......#
#........#.
###..........
#....@5K5....
#....K4KK..|.#
###..$5K.##..# #.###..#
.# ## ... . .... ....#
...##


You could see 3 kobold demonologists, a chaos spawn (summoned), a kobold
brigand, a white imp (summoned), a shadow imp (summoned), an ufetubus (summoned)
and a kobold.

Vanquished Creatures
  Pikel (D:4)
  Psyche (D:8)
  A kobold demonologist (D:9)
  Prince Ribbit (D:7)
  A hornet (D:9)
  Edmund (D:4)
  4 water moccasins
  The ghost of jimonade the Trooper, an amateur OgWr (D:3)
  2 ice beasts
  2 sky beasts
  2 black bears
  2 ogres
  A centaur (D:7)
  4 lemures (D:4)
  6 kobold brigands
  A phantom (D:4)
  Blork the orc (D:4)
  7 bullfrogs
  3 scorpions
  6 killer bees
  3 hounds
  3 jellies
  3 orc priests
  A sleepcap (D:6)
  A gnoll bouda (D:6)
  Jessica (D:2)
  8 orc wizards
  Terence (D:2)
  2 iguanas (D:5)
  Robin (D:2)
  23 gnolls
  7 adders
  A shadow imp (D:5)
  A white imp (D:5)
  4 worms
  2 dart slugs
  26 orcs
  13 ball pythons
  9 endoplasms
  14 giant cockroaches
  19 goblins
  11 hobgoblins
  3 jackals (D:5)
  6 quokkas
  4 bats
  15 frilled lizards
  50 kobolds
  6 rats
286 creatures vanquished.

Notes
Turn   | Place    | Note
-------+----------+-------------------------------------------
     0 | D:1      | Darius099 the Troll Monk began the quest for the Orb.
     0 | D:1      | Reached XP level 1. HP: 22/22 MP: 0/0
   152 | D:1      | Reached XP level 2. HP: 22/29 MP: 1/1
   461 | D:1      | Reached skill level 4 in Unarmed Combat
   900 | D:2      | Reached XP level 3. HP: 36/36 MP: 2/2
  1135 | D:2      | Noticed Jessica
  1142 | D:2      | Killed Jessica
  1239 | D:2      | Reached XP level 4. HP: 44/44 MP: 3/3
  1279 | D:2      | Noticed Robin
  1282 | D:2      | Reached skill level 5 in Unarmed Combat
  1292 | D:2      | Killed Robin
  1308 | D:2      | Noticed Terence
  1315 | D:2      | Killed Terence
  1620 | D:2      | Reached XP level 5. HP: 50/50 MP: 4/4
  1716 | D:3      | Reached skill level 6 in Unarmed Combat
  1868 | D:3      | Found a faded altar of an unknown god.
  1903 | D:3      | Reached XP level 6. HP: 59/59 MP: 5/5
  1913 | D:3      | Found a runed translucent door.
  1914 | D:3      | Noticed jimonade's ghost (amateur OgWr)
  1936 | D:3      | Killed jimonade's ghost
  1937 | D:3      | Reached skill level 7 in Unarmed Combat
  1943 | D:3      | Found a runed translucent door.
  2721 | D:4      | Found a staircase to the Ecumenical Temple.
  2752 | Temple   | Entered the Ecumenical Temple
  2894 | D:4      | Noticed Blork the orc
  2911 | D:4      | Killed Blork the orc
  2912 | D:4      | Reached skill level 8 in Unarmed Combat
  2912 | D:4      | Reached XP level 7. HP: 36/61 MP: 6/6
  2974 | D:4      | Noticed Edmund
  2989 | D:4      | Killed Edmund
  3082 | D:4      | Noticed Pikel
  3115 | D:4      | Killed Pikel
  3116 | D:4      | Reached skill level 10 in Unarmed Combat
  3116 | D:4      | Reached XP level 8. HP: 64/74 MP: 7/7
  3455 | D:4      | Reached skill level 11 in Unarmed Combat
  3477 | D:4      | Upgraded the game from 0.30-a0-847-g17996783a1 to
                  | 0.30-a0-852-g08b95dd62f
  3848 | D:5      | Entered Level 5 of the Dungeon
  4173 | D:5      | Reached skill level 12 in Unarmed Combat
  4625 | D:5      | Reached XP level 9. HP: 80/80 MP: 8/8
  4821 | D:6      | Identified the +1 robe of Distant Shores {Fly Will++}
  5180 | D:6      | Found a glowing drain.
  5192 | Sewer    | Entered a sewer
  5522 | D:6      | Reached skill level 13 in Unarmed Combat
  5776 | D:7      | Noticed Prince Ribbit
  5794 | D:7      | Killed Prince Ribbit
  5876 | D:7      | Found a shadowy altar of Dithmenos.
  6008 | D:7      | Reached skill level 14 in Unarmed Combat
  6647 | D:8      | Reached XP level 10. HP: 88/88 MP: 9/9
  7054 | D:8      | Noticed Psyche
  7061 | Abyss:1  | Cast into level 1 of the Abyss (Psyche)
  7068 | Abyss:1  | Found a corrupted altar of Lugonu.
  7091 | D:8      | Escaped the Abyss
  7095 | D:8      | Killed Psyche
  7357 | D:9      | Reached skill level 15 in Unarmed Combat
  7463 | D:9      | Paralysed by a hornet for 3 turns
  7823 | D:9      | Noticed a rust devil
  7827 | D:9      | Noticed a sixfirhy
  7832 | D:9      | HP: 2/91 [chaos spawn[a kobold demonologist] (16)]
  7832 | D:9      | Slain by a chaos spawn

Illustrated notes

Levels and vault maps discovered:
D:1:      moated_graveyard_arrival, layout_loops_corners, minivault_4
D:2:      layout_basic, uniq_terence, uniq_jessica, uniq_robin
D:3:      layout_basic, shapermc_ecumenical_altar_totnotflames,
          ebering_ghost_sewer_f
D:4:      minmay_goblin_kobold_castle, layout_rooms,
          minmay_temple_entry_mini_moons, chequers_jeans, st_stairs_5,
          uniq_pikel, uniq_edmund, uniq_blork_the_orc
D:5:      layout_basic
D:6:      layout_gridville, cheibrodos_sewer_entry_bend
D:7:      layout_cave_pods, lemuel_round_altar, hex_large, uniq_prince_ribbit1
D:8:      layout_loops_ring, uniq_psyche
D:9:      layout_cave_pools, slow_altar_1, hangedman_decor_peaks_small
Temple:   nicolae_temple_godzebo

Skill      XL: |  1  2  3  4  5  6  7  8  9 10 |
---------------+-------------------------------+-----
Unarmed Combat | 4 5 6 8 10 12 14 15 | 15.0
Fighting       | 3 |  3.5
Dodging        | 3 |  3.5
Stealth        | |  1.0

Action                     |  1- 3 |  4- 6 |  7- 9 | 10-12 || total
---------------------------+-------+-------+-------+-------++-------
  Melee: Unarmed           |    80 |   172 |   396 |    79 ||   727
         Punch             |     1 |     7 |    22 |     5 ||    35
    Use: Scroll            |       |       |       |    12 ||    12
   Stab: Sleeping          |     5 |     2 |     4 |       ||    11
 Armour: Robe              |    19 |    48 |   115 |    36 ||   218
  Dodge: Dodged            |    32 |    91 |   317 |    89 ||   529

Table legend: (Time is in decaauts)
 A = Elapsed time spent in this place.
 B = Non-inter-level travel time spent in this place.
 C = Inter-level travel time spent in this place.
 D = Time resting spent in this place.
 E = Time spent auto-exploring this place.
 F = Levels seen in this place.
 G = Mean time per level.
                   A        B        C        D        E       F      G
               +--------+--------+--------+--------+--------+-----+--------+
         Total |   7705 |   7432 |    273 |    468 |   4528 |  12 |  642.1 |
       Dungeon |   7362 |   7089 |    273 |    468 |   4371 |   9 |  818.0 |
        Temple |    130 |    130 |      0 |      0 |     93 |   1 |  130.0 |
         Abyss |     29 |     29 |      0 |      0 |      0 |   1 |   29.0 |
         Sewer |    182 |    182 |      0 |      0 |     64 |   1 |  182.0 |
               +--------+--------+--------+--------+--------+-----+--------+

Top non-repeatable levels by time:
     D:4: 1080 daAuts
     D:8: 928 daAuts
     D:3: 919 daAuts
     D:5: 900 daAuts
     D:1: 858 daAuts
     D:7: 829 daAuts
     D:2: 809 daAuts
     D:6: 770 daAuts
     D:9: 267 daAuts
   Sewer: 182 daAuts
  Temple: 130 daAuts
 Abyss:1: 29 daAuts
